 Dungeon Crawl Stone Soup version 0.25-a0-108-gda8bd6cf83 (webtiles) character file.

Game seed: 12693356082329710441, levelgen mode: deterministic

53 D1HalberdGnoll the Poker (level 3, -8/28 HPs)
             Began as a Merfolk Skald on Nov 17, 2019.
             Mangled by a gnoll
             ... wielding a +0 halberd
              (17 damage)
             ... on level 2 of the Dungeon.
             The game lasted 00:02:31 (1736 turns).

D1HalberdGnoll the Poker (Merfolk Skald)            Turns: 1736, Time: 00:02:32

Health: -8/28      AC:  3    Str: 12    XL:     3   Next: 89%
Magic:  4/6        EV: 18    Int: 12    God:
Gold:   84         SH:  0    Dex: 18    Spells: 5/6 levels left

rFire    . . .     SeeInvis .   a - +0 spear
rCold    . . .     Gourm    .   (no shield)
rNeg     . . .     Faith    .   b - +0 leather armour
rPois    .         Spirit   .   (no helmet)
rElec    .         Reflect  .   c - scarf {repulsion}
rCorr    .         Harm     .   (no gloves)
MR       .....                  (no boots)
Stlth    ++........             (no amulet)
HPRegen  0.09/turn              (no ring)
MPRegen  0.10/turn              (no ring)

@: agile, repel missiles
A: change form in water, swift swim, stealthy swim
a: no special abilities


You were on level 2 of the Dungeon.
You were not hungry.

You visited 1 branch of the dungeon, and saw 2 of its levels.

You collected 84 gold pieces.

Inventory:

Hand Weapons
 a - a +0 spear (weapon)
Armour
 b - a +0 leather armour (worn)
 c - a scarf of repulsion (worn)
Jewellery
 g - an uncursed ring of positive energy {unknown}
 k - an uncursed amulet of magic regeneration {unknown}
Scrolls
 e - a scroll of blinking {unknown}
 f - a scroll of teleportation {unknown}
 j - a scroll of noise {unknown}
 l - a scroll of random uselessness {unknown}
Comestibles
 d - 4 rations


   Skills:
 + Level 2.9 Fighting
 * Level 4.7 Polearms
 - Level 0.6 Armour
 + Level 3.4 Dodging
 - Level 2.0 Spellcasting
 - Level 3.2 Charms


You had 5 spell levels left.
You knew the following spells:

 Your Spells              Type           Power        Failure   Level  Hunger
a - Infusion              Chrm           #...         9%          1    ##.....

Your spell library contained the following spells:

 Spells                   Type           Power        Failure   Level  Hunger
 Song of Slaying          Chrm           #.......     14%         2    ###....
 Shroud of Golubria       Chrm/Tloc      #.....       26%         2    ###....
 Regeneration             Chrm/Necr      #.........   47%         3    ####...
 Spectral Weapon          Hex/Chrm       #.......     47%         3    ####...


Dungeon Overview and Level Annotations

Branches:
Dungeon (2/15)

Altars:


Message History

You are no longer magically infusing your attacks.
A kobold comes into view. It is wielding a +0 short sword.
You hit the kobold.
The kobold is heavily wounded.
The kobold hits you but does no damage.
Okay, then.
It was a potion of agility.
You feel agile all of a sudden. The gnoll misses you.
The kobold barely misses you.
You closely miss the kobold.
The kobold is heavily wounded.
You barely miss the kobold.
The kobold is heavily wounded.
The gnoll closely misses you. The kobold hits you but does no damage.
You barely miss the kobold.
The kobold is heavily wounded.
The kobold hits you but does no damage.
The gnoll hits you from afar with a +0 halberd!
Ouch! That really hurt!
You die...

#.# #.# #.# #.# #.# #.# #.#
#.# #.# #.# #.# #.# #.#
#.###.## #.# #.##...## #.#
#.#.###.# #K# #.#.# #.# #@#
#.#.###.# # #.######.##....#
..###. #g##......÷....#
#.#...#########g.....#.#######
#..........g.....###.#.#
#.#.###.#........# #...# ..#.#
#.########.###.### #.#.# #g#
#.†...# #.#.# #.# ###.###


You could see 2 gnolls and a kobold.

Vanquished Creatures
  An adder (D:2)
  2 dart slugs
  3 leopard geckos (D:1)
  A ball python (D:1)
  3 bats
  2 giant cockroaches
  2 goblins
  5 hobgoblins
  4 jackals (D:2)
  2 quokkas (D:2)
  2 frilled lizards (D:2)
  2 kobolds
  5 rats
34 creatures vanquished.

Notes
Turn   | Place    | Note
-------+----------+-------------------------------------------
     0 | D:1      | D1HalberdGnoll the Merfolk Skald began the quest for the
                  | Orb.
     0 | D:1      | Reached XP level 1. HP: 16/16 MP: 3/3
   119 | D:1      | Reached XP level 2. HP: 5/23 MP: 5/5
   746 | D:1      | Reached skill level 4 in Polearms
  1034 | D:1      | Reached XP level 3. HP: 27/28 MP: 6/6
  1736 | D:2      | Mangled by a gnoll

Levels and vault maps discovered:
D:1:      dpeg_arrival_another_circle, layout_basic
D:2:      layout_loops_ring, first_ration

Skill      XL: |  1  2 |
---------------+-------+-----
Dodging        | 3 |  3.4
Polearms       | 4 |  4.7
Fighting       | |  2.9
Armour         | |  0.6
Spellcasting   | |  2.0
Charms         | |  3.2

Action                   || total
-------------------------++-------
Melee: Spear             ||   144
 Cast: Infusion          ||     7
  Use: Potion            ||     2
  Eat: Chunk             ||     3
Armor: Leather armour    ||    21
Dodge: Dodged            ||    78
       Deflected         ||     1

Table legend:
 A = Non-vault XP
 B = Vault XP
 C = Vault XP percentage of total XP
 D = Non-vault monster count
 E = Vault monster count
 F = Vault count percentage of total count
                 A         B        C        D         E       F
            +---------+---------+-------+---------+---------+-------
      Total |      77 |       0 |   0.0 |      34 |       0 |   0.0
            +---------+---------+-------+---------+---------+-------
        D:1 |      36 |       0 |   0.0 |      18 |       0 |   0.0
        D:2 |      41 |       0 |   0.0 |      16 |       0 |   0.0
            +---------+---------+-------+---------+---------+-------
